[Event "Smuk Skak GM Tournament 2024"]
[Site "Skanderborg"]
[Date "2024.08.19"]
[Round "3.5"]
[White "Licznerski, Lukasz"]
[Black "Kanov, Nikola"]
[Result "1-0"]
[ECO "C19"]
[WhiteElo "2427"]
[BlackElo "2414"]
[Annotator "RC"]
[PlyCount "81"]
[EventDate "2024.08.11"]
[EventType "tourn"]
[EventCountry "DEN"]
[SourceTitle "playchess.com"]
[Source "ChessBase"]
[SourceQuality "1"]
[TimeControl "40/5400+30:1800+30"]

1. e4 e6 2. d4 d5 3. Nc3 Bb4 4. e5 c5 5. a3 Bxc3+ 6. bxc3 Ne7 7. Qg4 Qc7 8. Qxg7 Rg8 9. Qxh7 cxd4 10. Ne2 dxc3 11. h4 Qxe5 12. Bf4 Qh8 13. Qxh8 Rxh8 14. Nxc3 Bd7 15. Rb1 b6 16. Nb5 Bxb5 17. Bxb5+ Nbc6 18. c4 f6 19. cxd5 exd5 20. Rc1 Rc8 21. h5 Kf7 22. g4 Nd4 23. Rxc8 Rxc8 24. Bd3 Rh8 25. Kd1 Rg8 26. h6 Ne6 27. Be3 Ng6 28. Bf5 Ne5 29. f4 Nc6 30. g5 fxg5 31. fxg5 Nf8 32. h7 Rh8 33. Rh6 Ne7 34. Bb1 Nfg6 35. Bd4 Rc8 36. h8=Q Nxh8 37. Bxh8 Rc4 38. g6+ Ke6 39. g7+ Kd7 40. Bf5+ Kc7 41. Re6 1-0

[Event "Smuk Skak GM Tournament 2024"]
[Site "Skanderborg"]
[Date "2024.08.20"]
[Round "4.1"]
[White "Pajeken, Jakob Leon"]
[Black "Kosakowski, Jakub"]
[Result "1/2-1/2"]
[ECO "B15"]
[WhiteElo "2416"]
[BlackElo "2501"]
[Annotator "TA"]
[PlyCount "140"]
[EventDate "2024.08.11"]
[EventType "tourn"]
[EventCountry "DEN"]
[SourceTitle "playchess.com"]
[Source "ChessBase"]
[SourceQuality "1"]
[TimeControl "40/5400+30:1800+30"]

1. e4 c6 2. d4 d5 3. Nd2 dxe4 4. Nxe4 Nf6 5. Nxf6+ exf6 6. Bc4 Na6 {[%emt 0:03:38] B15: Caro-Kann: 3 Nc3: 3...g6 and 3...dxe4 4 Nxe4 Nf6 5 Nxf6+ exf6.} 7. Ne2 Bd6 8. O-O O-O 9. Bxa6 bxa6 10. Bf4 Be7 11. Qd3 $146 ({Predecessor:} 11. Qd2 Re8 12. c4 Be6 13. b3 Qb6 14. c5 Qb7 15. Ng3 f5 16. Rad1 Rad8 17. Qc3 {½-½ Maceda,C (2011)-Markus,R (2095) FICGS class A 000086 email 2011 (1)}) 11... Qa5 12. Ng3 Be6 13. Bd2 (13. c4 $14) 13... Qb5 $11 14. Qxb5 axb5 15. Rfe1 Rfd8 16. c3 a5 17. a3 Bf8 18. Bf4 b4 19. Ne4 bxc3 20. bxc3 a4 21. Bc7 Rd5 22. Bb6 $1 Bf5 23. Bc5 (23. Nc5 $1 $11) 23... Bxe4 $15 24. Bxf8 Kxf8 ({Much weaker is} 24... Bxg2 25. Bxg7 Kxg7 26. Kxg2 $11) 25. Rxe4 Rb5 26. c4 Rb3 27. d5 {[%emt 0:02:39] [#]} ({Better is} 27. g3 $15) 27... cxd5 (27... Re8 $1 $17 28. Rh4 (28. Rxe8+ $2 Kxe8 29. h4 Kd7 $19) 28... Rxa3) 28. cxd5 $15 Rd3 29. g3 f5 30. Rb4 g6 31. Rc1 Ra7 32. d6 Rxd6 (32... Rxa3 $2 {is the wrong capture.} 33. Rb8+ Kg7 34. Rc7 $18) 33. Rcc4 Rd3 34. Rxa4 Rxa3 35. Rxa7 Rxa7 36. h4 Kg7 37. Kg2 Ra2 38. Rb4 Re2 39. Kf3 Re1 40. Ra4 h6 41. Ra5 Kf6 42. Ra6+ Re6 43. Ra5 g5 44. Ra4 Kg6 45. hxg5 hxg5 46. Ra5 Rb6 47. Ra4 Rc6 48. Rb4 Ra6 49. Rb5 Ra4 50. Rb6+ f6 51. Rb5 Re4 52. Rb8 Re1 53. Kg2 Rd1 54. Rb4 Kf7 55. Rb6 Ke7 56. Kf3 Rd3+ 57. Kg2 Rd6 58. Rb8 Rd4 59. Rb6 f4 60. gxf4 Rxf4 61. Kg3 Kf7 62. Ra6 Kg6 63. Rb6 Ra4 64. Rb5 f5 65. f3 Ra3 66. Kg2 Ra2+ 67. Kh3 Kf6 68. Kg3 f4+ 69. Kh3 $1 Rf2 70. Rf5+ Kxf5 1/2-1/2

[Event "Smuk Skak GM Tournament 2024"]
[Site "Skanderborg"]
[Date "2024.08.20"]
[Round "4.2"]
[White "Solodovnichenko, Yuri"]
[Black "Fromm, Marius"]
[Result "0-1"]
[ECO "B40"]
[WhiteElo "2491"]
[BlackElo "2447"]
[Annotator "RC"]
[PlyCount "106"]
[EventDate "2024.08.11"]
[EventType "tourn"]
[EventCountry "DEN"]
[SourceTitle "playchess.com"]
[Source "ChessBase"]
[SourceQuality "1"]
[TimeControl "40/5400+30:1800+30"]

1. e4 c5 2. Nf3 e6 3. g3 Nc6 4. Bg2 Nf6 5. d3 d5 6. Qe2 Be7 7. e5 Nd7 8. c4 a6 9. a4 O-O 10. O-O Nb4 11. Nc3 Nb8 12. d4 dxc4 13. Be3 N8c6 14. Rfd1 Nd3 15. dxc5 Qc7 16. Nd2 Ncxe5 17. f4 Nc6 18. Nxc4 Nxc5 19. Ne4 Nxe4 20. Bxe4 Bb4 21. Nb6 Rb8 22. Rac1 g6 23. Qc4 a5 24. Bf3 Rd8 25. Rxd8+ Qxd8 26. Rd1 Qf8 27. Qb5 Qe8 28. Bc5 Bxc5+ 29. Qxc5 e5 30. Nd5 Kg7 31. Nc7 Qf8 32. Qb5 Qe7 33. Nd5 Qd6 34. Nc3 Nd4 35. Qd5 Nxf3+ 36. Qxf3 Qc5+ 37. Qf2 Qxf2+ 38. Kxf2 Bg4 39. Rd5 exf4 40. gxf4 b6 41. Rd6 Be6 42. Kg3 Kf8 43. Nd5 b5 44. Nc7 bxa4 45. Nxe6+ fxe6 46. Rxe6 Rb3+ 47. Kg4 Rxb2 48. Re5 a3 49. Rxa5 a2 50. h3 h5+ 51. Kh4 Ke7 52. Ra6 Rg2 53. Ra3 Kd6 0-1

[Event "Smuk Skak GM Tournament 2024"]
[Site "Skanderborg"]
[Date "2024.08.20"]
[Round "4.3"]
[White "Thybo, Jesper Sondergaard"]
[Black "Olsen, Filip Boe"]
[Result "0-1"]
[ECO "A13"]
[WhiteElo "2554"]
[BlackElo "2431"]
[Annotator "RC"]
[PlyCount "72"]
[EventDate "2024.08.11"]
[EventType "tourn"]
[EventCountry "DEN"]
[SourceTitle "playchess.com"]
[Source "ChessBase"]
[SourceQuality "1"]
[TimeControl "40/5400+30:1800+30"]

1. c4 e6 2. Nf3 d5 3. g3 d4 4. Bg2 c5 5. O-O Nc6 6. e3 Nf6 7. exd4 cxd4 8. d3 h6 9. Na3 Bxa3 10. bxa3 O-O 11. Re1 Re8 12. Ne5 Nxe5 13. Rxe5 Nd7 14. Rh5 e5 15. Bxh6 gxh6 16. Qg4+ Kf8 17. Rxh6 Nf6 18. Rh8+ Ke7 19. Rxe8+ Nxe8 20. Qh5 Qd6 21. Re1 Nf6 22. Rxe5+ Be6 23. Qf5 Rh8 24. Qf4 Rh5 25. Rg5 Qxf4 26. gxf4 b6 27. Bf3 Rh4 28. Kg2 Rxf4 29. Kg3 Rf5 30. h4 Nd7 31. Be4 Rxg5+ 32. hxg5 f5 33. gxf6+ Kxf6 34. Kf4 Nc5 35. Bh7 Bd7 36. Be4 Ba4 0-1

[Event "Smuk Skak GM Tournament 2024"]
[Site "Skanderborg"]
[Date "2024.08.20"]
[Round "4.4"]
[White "Vinter-Schou, Uffe"]
[Black "Licznerski, Lukasz"]
[Result "1/2-1/2"]
[ECO "A15"]
[WhiteElo "2340"]
[BlackElo "2427"]
[Annotator "RC"]
[PlyCount "235"]
[EventDate "2024.08.11"]
[EventType "tourn"]
[EventCountry "DEN"]
[SourceTitle "playchess.com"]
[Source "ChessBase"]
[SourceQuality "1"]
[TimeControl "40/5400+30:1800+30"]

1. Nf3 Nf6 2. c4 g6 3. Nc3 Bg7 4. e4 O-O 5. d4 d6 6. h3 e5 7. d5 Nh5 8. Be3 f5 9. exf5 gxf5 10. g3 Qe8 11. Be2 f4 12. gxf4 Nxf4 13. Rg1 Bxh3 14. Ng5 Bf5 15. Nge4 Nd7 16. Bf3 Nf6 17. Qd2 Nxe4 18. Nxe4 Bg6 19. Bh1 Qa4 20. b3 Qa3 21. Qc3 a5 22. Rg3 b5 23. Bd2 bxc4 24. bxc4 Qa4 25. Qb3 Qd7 26. Rb1 a4 27. Qb5 Qe7 28. Be3 Bh6 29. Kd2 Qg7 30. Bf3 Qe7 31. Qc6 Rab8 32. Rb7 Rxb7 33. Qxb7 Qd8 34. a3 Kh8 35. Qb4 Qa8 36. Nc3 Nd3 37. Qxa4 Bxe3+ 38. fxe3 Qxa4 39. Nxa4 Ra8 40. Nc3 Nb2 41. Be4 Bxe4 42. Nxe4 Nxc4+ 43. Kd3 Nb6 44. Ng5 h6 45. Ne6 Nxd5 46. Ke4 Nf6+ 47. Kf5 Nh5 48. Rg4 Kh7 49. Nxc7 Rxa3 50. Nd5 Rd3 51. e4 Rf3+ 52. Ke6 Nf4+ 53. Kxd6 Ng6 54. Ke6 h5 55. Rg5 h4 56. Nf6+ Kg7 57. Ng4 Rf8 58. Ne3 Rf6+ 59. Kd5 Kh6 60. Rg1 Kg7 61. Nf5+ Kf7 62. Rh1 h3 63. Nh6+ Kg7 64. Ng4 Rf8 65. Nxe5 Rd8+ 66. Kc5 Nxe5 67. Rxh3 Kf6 68. Rh5 Rd1 69. Rf5+ Ke6 70. Rh5 Nd7+ 71. Kc4 Nf6 72. Ra5 Nxe4 73. Ra6+ Nd6+ 74. Kc3 Rd5 75. Ra1 Ke5 76. Ra8 Ne4+ 77. Kc4 Rd4+ 78. Kb3 Rd3+ 79. Kc2 Rc3+ 80. Kb2 Rc7 81. Rd8 Nd6 82. Kb3 Rc6 83. Rh8 Kd4 84. Rd8 Kd3 85. Kb4 Rc4+ 86. Kb3 Rd4 87. Rd7 Rd5 88. Kb4 Kd4 89. Kb3 Rb5+ 90. Kc2 Rb6 91. Rd8 Ke3 92. Rh8 Rc6+ 93. Kb3 Kd3 94. Rb8 Nf5 95. Kb4 Nd4 96. Rh8 Rc4+ 97. Ka5 Rc5+ 98. Kb6 Rc6+ 99. Kb7 Rg6 100. Rc8 Ne6 101. Kb6 Kd4 102. Kb5 Rg1 103. Rh8 Rg4 104. Rh5 Nf4 105. Rh6 Nd5 106. Rh5 Nc3+ 107. Kb4 Rg8 108. Rh4+ Ne4 109. Kb5 Rg6 110. Rf4 Rh6 111. Rg4 Kd5 112. Rg1 Nc3+ 113. Kb4 Kd4 114. Rg4+ Ne4 115. Kb5 Rh8 116. Kc6 Ke5 117. Rg1 Ng3 118. Rxg3 1/2-1/2

[Event "Smuk Skak GM Tournament 2024"]
[Site "Skanderborg"]
[Date "2024.08.20"]
[Round "4.5"]
[White "Aczel, Gergely"]
[Black "Kanov, Nikola"]
[Result "1/2-1/2"]
[ECO "E46"]
[WhiteElo "2485"]
[BlackElo "2414"]
[Annotator "TA"]
[PlyCount "196"]
[EventDate "2024.08.11"]
[EventType "tourn"]
[EventCountry "DEN"]
[SourceTitle "playchess.com"]
[Source "ChessBase"]
[SourceQuality "1"]
[TimeControl "40/5400+30:1800+30"]

1. d4 Nf6 2. c4 e6 3. Nc3 Bb4 4. e3 O-O 5. Bd2 d5 6. Nf3 Nbd7 7. cxd5 exd5 8. Qb3 {[%emt 0:00:06][%csl LRb4,LRd5] Dodges c6} c5 9. dxc5 a5 10. Be2 Nxc5 (10... Bxc5 11. Nxd5 a4 12. Qc4 $16) 11. Qd1 Nfe4 12. O-O Bxc3 13. Bxc3 Nxc3 14. bxc3 b6 15. Rb1 Bb7 16. Qd4 Qc7 17. Rfc1 Rfe8 18. h3 Rad8 19. Bd3 h6 20. Bc2 Ba6 21. Rb2 Rd6 22. Qd1 Rf6 23. Nd4 Qe5 24. Nf3 Qc7 (24... Qxc3 $2 25. Bh7+ Kxh7 26. Rxc3 $18) 25. Nd4 Bc8 26. Bb1 Re5 27. Nf3 Rh5 28. Rd2 g6 ({Better is} 28... Bxh3 $11 29. Rxd5 (29. gxh3 Qd7 $14) 29... Rxd5 30. Qxd5 Rd6) 29. Rxd5 $14 Rxd5 30. Qxd5 Bb7 31. Qe5 Qxe5 32. Nxe5 Rd6 33. Bc2 Kg7 34. Nc4 Rc6 35. Rb1 Nd7 36. Bd3 {[%emt 0:06:23] White is more active.} ({White should play} 36. Bb3 $16) 36... Ba6 $11 37. Nb2 (37. Ne5 Bxd3 (37... Nxe5 38. Bxa6 Rxc3 39. Rxb6 $14) 38. Nxd3 Rxc3 $15) (37. Rd1 $5) 37... Bxd3 38. Nxd3 Rxc3 $15 {[%emt 0:00:05][%mdl 4096] Endgame. KRN-KRN} 39. Nf4 Rc2 40. a3 Ra2 41. Nd5 Rxa3 42. Nxb6 Ne5 43. f4 Nd3 44. Kh2 a4 45. Rd1 Nb2 46. Rb1 Ra2 ({Wrong is} 46... Rb3 $2 47. Nxa4 Rxe3 48. Rxb2 $18 (48. Nxb2 Rb3 $11)) 47. Nd5 {[%emt 0:00:00] [#] aiming for Nb4.} Nc4 (47... Nd3 $1 $17 {Hoping for ...a3.} 48. Rd1 Nc5) 48. Rb4 $1 Nd2 {[%emt 0:00:00] Strongly threatening ...Nf3+.} 49. Nc3 Rc2 50. Nxa4 Nf1+ 51. Kg1 Nxe3 52. g4 h5 53. gxh5 gxh5 54. Rb5 Rc4 55. Re5 Rxa4 56. Rxe3 Rxf4 {[%emt 0:00:06] KR-KR} 57. Kg2 $1 Kg6 58. Re5 Ra4 59. Kg3 Ra3+ 60. Kh4 f6 {[%emt 0:00:11] [#] ( -> ...Ra4+)} 61. Rb5 Re3 62. Rb4 Re5 63. Rb3 Re4+ 64. Kg3 Kg5 65. Rb5+ Re5 66. h4+ Kf5 67. Rb3 Re4 68. Rb5+ Re5 69. Rb3 Rd5 70. Kf3 Rd4 71. Rb5+ Kg6 72. Kg3 Rd3+ 73. Kg2 Ra3 74. Rc5 Re3 75. Ra5 Re5 76. Ra4 Rb5 77. Ra3 Kf5 78. Kf3 Rc5 79. Rb3 Ra5 80. Rc3 Ra4 81. Rc5+ Kg6 82. Kg3 Rg4+ 83. Kh3 Ra4 84. Kg3 Rg4+ 85. Kh3 f5 86. Rc6+ {[%emt 0:00:05] The position is equal.} Kg7 87. Rc7+ Kf6 88. Rc6+ $1 Kg7 89. Rc7+ Kh6 90. Rc6+ Rg6 91. Rc5 $1 f4 92. Rf5 Rg4 93. Rf6+ Kg7 94. Rf5 Kg6 95. Rf8 Rg3+ 96. Kh2 Rg4 97. Kh3 Rg3+ 98. Kh2 Rg4 {[%emt 0:00:03] Weighted Error Value: White=0.05 (flawless) /Black=0.06 (flawless) .  Mistake:       	White=1     	Black=2      Inaccurate:     	White=3     	Black=3      OK:         	White=30    	Black=37     Best:        	White=14    	Black=3      Strong:       	White=4     	---} 1/2-1/2

[Event "Smuk Skak GM Tournament 2024"]
[Site "Skanderborg"]
[Date "2024.08.21"]
[Round "5.1"]
[White "Olsen, Filip Boe"]
[Black "Pajeken, Jakob Leon"]
[Result "1/2-1/2"]
[ECO "A46"]
[WhiteElo "2431"]
[BlackElo "2416"]
[Annotator "RC"]
[PlyCount "102"]
[EventDate "2024.08.11"]
[EventType "tourn"]
[EventCountry "DEN"]
[SourceTitle "playchess.com"]
[Source "ChessBase"]
[SourceQuality "1"]
[TimeControl "40/5400+30:1800+30"]

1. d4 Nf6 2. Nf3 e6 3. Bf4 d5 4. e3 Bd6 5. Bxd6 cxd6 6. c4 dxc4 7. Bxc4 O-O 8. Nc3 Nbd7 9. O-O b6 10. Qe2 Bb7 11. Rac1 a6 12. a4 Qe7 13. Rfd1 Rfc8 14. Bd3 e5 15. e4 g6 16. Bc2 Rc7 17. Rd2 Re8 18. dxe5 Nxe5 19. Nxe5 Qxe5 20. Re1 Rce7 21. Qe3 Qa5 22. Rxd6 Nxe4 23. Bxe4 Bxe4 24. Qxb6 Qg5 25. Nxe4 Rxe4 26. Rf1 Rxa4 27. g3 Qb5 28. Rc1 Ra2 29. Qxb5 axb5 30. Rc7 Re6 31. Rxe6 fxe6 32. Re7 Rxb2 33. Rxe6 Rd2 34. Rb6 Rd5 35. Rb7 h5 36. Kg2 Rf5 37. h3 Kf8 38. g4 hxg4 39. hxg4 Rc5 40. Kg3 g5 41. Kf3 Re5 42. Kg3 Ke8 43. f4 Re3+ 44. Kf2 gxf4 45. Rxb5 Rg3 46. Re5+ Kd7 47. g5 Kd6 48. Rf5 Ke6 49. Rxf4 Rxg5 50. Kf3 Rf5 51. Rxf5 Kxf5 1/2-1/2

[Event "Smuk Skak GM Tournament 2024"]
[Site "Skanderborg"]
[Date "2024.08.21"]
[Round "5.2"]
[White "Kosakowski, Jakub"]
[Black "Solodovnichenko, Yuri"]
[Result "1-0"]
[ECO "C45"]
[WhiteElo "2501"]
[BlackElo "2491"]
[Annotator "TA"]
[PlyCount "81"]
[EventDate "2024.08.11"]
[EventType "tourn"]
[EventCountry "DEN"]
[SourceTitle "playchess.com"]
[Source "ChessBase"]
[SourceQuality "1"]
[TimeControl "40/5400+30:1800+30"]

1. e4 e5 2. Nf3 Nc6 3. d4 exd4 4. Nxd4 Nf6 5. Nxc6 bxc6 6. Bd3 d5 7. exd5 cxd5 8. O-O Be7 9. c4 O-O 10. Nc3 Be6 11. cxd5 Nxd5 12. Nxd5 {[%emt 0:00:08] The position is equal.} Qxd5 13. Qc2 Qh5 14. Bf4 Bf6 15. Rad1 c5 16. Bd6 Rfd8 17. Be2 Qh6 {[%emt 0:06:38][%cal Od8d6] And now ...Rxd6! would win.} 18. Bxc5 {[%emt 0:06:27] Black is on the road to losing.} Bd5 19. Be3 Qg6 20. Qxg6 hxg6 {[%emt 0:00:02] [#]} 21. Rxd5 Rxd5 {[%emt 0:00:04] [#]} 22. Bf3 $1 {[%emt 0:00:07] This pair of bishops is nice.} Rad8 23. Bxd5 (23. Bxa7 Rd2 24. Bb6 R8d3 $19) 23... Rxd5 $16 {[%emt 0:00:02][%mdl 4096] Endgame. KRB-KRB} 24. b3 ({Don't take} 24. Bxa7 $6 Ra5 25. Be3 Bxb2 $11) 24... a5 25. Rc1 Bb2 26. Rc8+ Kh7 27. Kf1 Ba3 28. Ke2 Bb4 29. Rc4 g5 30. Rd4 Re5 31. Kd3 Kg6 32. h4 gxh4 33. Rg4+ Kf5 34. Rxg7 Ke6 35. Rg5 f5 36. Rg6+ Kf7 {[%emt 0:03:57] [#]} (36... Kd7 $16 37. Rg7+ Ke6 38. Rg6+ Kf7) 37. Bd4 $1 $18 Kxg6 $2 (37... Re4 38. Rf6+ Ke8 39. Rxf5 Rg4 40. Re5+ Kf7) 38. Bxe5 {[%emt 0:00:06] White is clearly winning.} Kg5 39. Ke2 Kg4 40. f3+ Kg5 41. Bc7 {[%emt 0:30:25] Weighted Error Value: White=0.01 (flawless) /Black=0.15 (very precise) .  Mistake:       	---       	Black=2      Inaccurate:     	---       	Black=2      OK:         	White=20    	Black=7      Best:        	White=2     	Black=3      Strong:       	White=1     	---} 1-0

[Event "Smuk Skak GM Tournament 2024"]
[Site "Skanderborg"]
[Date "2024.08.21"]
[Round "5.3"]
[White "Fromm, Marius"]
[Black "Aczel, Gergely"]
[Result "1-0"]
[ECO "B13"]
[WhiteElo "2447"]
[BlackElo "2485"]
[Annotator "TA"]
[PlyCount "89"]
[EventDate "2024.08.11"]
[EventType "tourn"]
[EventCountry "DEN"]
[SourceTitle "playchess.com"]
[Source "ChessBase"]
[SourceQuality "1"]
[TimeControl "40/5400+30:1800+30"]

1. e4 c6 2. d4 d5 3. exd5 cxd5 4. Nf3 Nc6 5. c3 Qc7 6. c4 e6 7. Nc3 Bb4 8. Bd3 {[%emt 0:03:53] White is slightly better.} dxc4 9. Bxc4 Nf6 10. O-O O-O 11. Qe2 (11. Bg5 $5) 11... Bxc3 12. bxc3 b6 13. Bd3 Bb7 14. Bg5 Ne7 15. Ne5 (15. c4 $5) 15... Ng6 16. c4 Nxe5 17. dxe5 Qc6 18. f3 {[%emt 0:00:03] Active counter play!} (18. exf6 $2 Qxg2#) 18... Qc5+ 19. Kh1 Nd7 (19... h6 $5 20. Bxh6 (20. Bxf6 gxf6 21. exf6 Rac8 $11) 20... gxh6 $14) 20. Bf4 (20. Bxh7+ $5 Kxh7 21. Qd3+ Kg8 22. Qxd7 $11) 20... Qd4 21. Bg3 Nc5 22. Bc2 Qc3 23. Rac1 {[%emt 0:02:09][%cal Oc2h7,Ba1c1,Bc1d1,Bd1d6][%mdl 32] Hoping for Bxh7+!} Qa3 24. Bh4 Rfe8 25. Rcd1 $40 {[%emt 0:07:03][%mdl 128] White mounts an attack.} Qc3 {[%emt 0:00:15] Wards off Rd4} 26. Be1 {[%emt 0:03:38] This pair of bishops is nice.} Qa3 27. Bb1 Qa4 {[%emt 0:00:23] [#]} (27... Rad8 $11) 28. Bh4 $1 $16 Nd7 29. Bc2 Qc6 30. Rd6 Qc7 {[%emt 0:00:37][%cal Od7e5] [#]} 31. Bxh7+ $1 Kxh7 32. Qd3+ Kg8 $2 {[%emt 0:00:11][%mdl 8192] Black cannot hold the game after this.} (32... Be4 $16 {is tougher.} 33. Qxe4+ Kg8) 33. Rxd7 $18 Qc6 {[%emt 0:00:41] Black is weak on the dark squares} (33... Qxe5 $142 34. Rxb7 Rec8) 34. Qd4 {[%emt 0:05:36][%cal Oh4f6] Threatens to win with Bf6!} Ba6 35. Rc1 Rec8 {[%emt 0:01:03] [#]} (35... Qc5 $142 36. Qf4 Qf8) 36. Qg4 $1 {[%emt 0:01:35][%cal Oh4f6] Threatening mate with Bf6!} Qc5 37. Bf6 Qf8 38. Rd4 {[%emt 0:00:20] Qg3 would kill now.} Rc5 {[%emt 0:00:23] [#]} 39. Qh5 gxf6 {[%emt 0:00:20] White is clearly winning.} 40. Rg4+ Qg7 41. Rxg7+ Kxg7 42. Qg4+ Kh6 43. Qh4+ Kg7 44. exf6+ Kg6 45. Qe4+ {[%emt 0:00:07] Weighted Error Value: White=0.17 (very precise) /Black=0.53.  Loses game:     	---       	Black=1      Mistake:       	---       	Black=3      Inaccurate:     	White=2     	Black=1      OK:         	White=11    	Black=16     Best:        	White=4     	Black=1      Strong:       	White=1     	---} 1-0

[Event "Smuk Skak GM Tournament 2024"]
[Site "Skanderborg"]
[Date "2024.08.21"]
[Round "5.4"]
[White "Licznerski, Lukasz"]
[Black "Thybo, Jesper Sondergaard"]
[Result "1/2-1/2"]
[ECO "C67"]
[WhiteElo "2427"]
[BlackElo "2554"]
[Annotator "TA"]
[PlyCount "89"]
[EventDate "2024.08.11"]
[EventType "tourn"]
[EventCountry "DEN"]
[SourceTitle "playchess.com"]
[Source "ChessBase"]
[SourceQuality "1"]
[TimeControl "40/5400+30:1800+30"]

1. e4 e5 2. Nf3 Nc6 3. Bb5 Nf6 4. O-O Nxe4 5. Re1 Nd6 6. Nxe5 Be7 7. Bf1 Nxe5 8. Rxe5 O-O 9. d4 Bf6 10. Re1 Nf5 11. d5 Re8 12. Rxe8+ Qxe8 13. Qd3 d6 14. Nd2 c6 15. Ne4 {[%emt 0:03:17] [#] Black must now prevent Nxf6+.} Be5 16. c3 cxd5 17. Qxd5 Ne7 18. Qb5 (18. Nxd6 Nxd5 19. Nxe8 Be6 20. Nxg7 Kxg7 $17 (20... Bxg7 $2 21. Bd2 $19)) 18... Qxb5 19. Bxb5 d5 20. Ng5 Bf6 21. h3 a6 22. Ba4 Nc6 23. Be3 Ne5 24. Bd4 Nd3 {[%emt 0:04:21] Wards off Re1} 25. Bc2 {[%emt 0:04:02] Hoping for Bxf6.} Nxb2 {[%emt 0:03:22] [#]} (25... Bxd4 {simplifies} 26. Bxd3 Bf6 27. f4 g6) 26. Re1 $1 Bf5 (26... Bd7 27. Bxf6) 27. Bxf5 {[%emt 0:06:07] aiming for Bxf6.} Bxg5 28. Re5 ({Don't play} 28. Rb1 $6 Nc4 $16) 28... Bf6 29. Rxd5 Na4 30. Bxf6 gxf6 $11 {[%emt 0:00:04][%mdl 4096] Endgame. KRB-KRN} 31. c4 Re8 32. Rd7 b6 33. Bg4 Kf8 34. Kf1 Re7 35. Rd6 Kg7 36. Bf3 a5 37. a3 Rc7 38. Bd5 Nb2 39. Rxb6 Nxc4 40. Bxc4 Rxc4 {[%emt 0:00:06] KR-KR. The position is equal.} 41. Rb5 Ra4 42. Rb3 Re4 43. Rb5 Ra4 44. Rb3 Re4 45. Rb5 {[%emt 0:00:00] Weighted Error Value: White=0.05 (flawless) /Black=0.04 (flawless) .  Inaccurate:     	White=1     	---        OK:         	White=15    	Black=16} 1/2-1/2

[Event "Smuk Skak GM Tournament 2024"]
[Site "Skanderborg"]
[Date "2024.08.21"]
[Round "5.5"]
[White "Kanov, Nikola"]
[Black "Vinter-Schou, Uffe"]
[Result "1-0"]
[ECO "B42"]
[WhiteElo "2414"]
[BlackElo "2340"]
[Annotator "RC"]
[PlyCount "81"]
[EventDate "2024.08.11"]
[EventType "tourn"]
[EventCountry "DEN"]
[SourceTitle "playchess.com"]
[Source "ChessBase"]
[SourceQuality "1"]
[TimeControl "40/5400+30:1800+30"]

1. e4 c5 2. Nf3 e6 3. d4 cxd4 4. Nxd4 a6 5. Bd3 Bc5 6. Nb3 Ba7 7. Qe2 Nc6 8. Be3 Nge7 9. Nc3 d6 10. O-O-O b5 11. h4 b4 12. Na4 Qc7 13. h5 Ne5 14. Bxa7 Rxa7 15. f4 Nxd3+ 16. Qxd3 Bd7 17. e5 dxe5 18. Nac5 Bb5 19. Qh3 exf4 20. h6 g5 21. Qh5 Ng6 22. Qxg5 Qe7 23. Qh5 O-O 24. Rhe1 Rc7 25. Ne4 Rd8 26. Rxd8+ Qxd8 27. Rd1 Qe7 28. Nd4 Bc4 29. Nf3 b3 30. axb3 Bxb3 31. Rd2 Bd5 32. Rxd5 exd5 33. Qxd5 Rc8 34. Qd4 f5 35. Nf6+ Kf8 36. Nd5 Qd7 37. Qf6+ Qf7 38. Qd6+ Ne7 39. Nb6 Rc6 40. Qd8+ Qe8 41. Nd7+ 1-0

[Event "Smuk Skak GM Tournament 2024"]
[Site "Skanderborg"]
[Date "2024.08.22"]
[Round "6.1"]
[White "Fromm, Marius"]
[Black "Kosakowski, Jakub"]
[Result "0-1"]
[ECO "B11"]
[WhiteElo "2447"]
[BlackElo "2501"]
[Annotator "RC"]
[PlyCount "88"]
[EventDate "2024.08.11"]
[EventType "tourn"]
[EventCountry "DEN"]
[SourceTitle "playchess.com"]
[Source "ChessBase"]
[SourceQuality "1"]
[TimeControl "40/5400+30:1800+30"]

1. e4 c6 2. Nc3 d5 3. Nf3 Bg4 4. h3 Bxf3 5. Qxf3 e6 6. Be2 g6 7. d4 Bg7 8. Be3 Ne7 9. O-O-O Nd7 10. h4 h6 11. g4 b5 12. exd5 cxd5 13. Bxb5 O-O 14. h5 g5 15. Qe2 a6 16. Bxd7 Qxd7 17. f4 f6 18. fxg5 fxg5 19. Rhf1 Rfc8 20. Bg1 Nc6 21. Rfe1 Re8 22. Qd3 Rac8 23. Qg6 Na5 24. Rd3 Rc6 25. Nxd5 e5 26. Qe4 Rce6 27. dxe5 Rxe5 28. Qxe5 Rxe5 29. Rxe5 Qxg4 30. Re8+ Kh7 31. Bb6 Nc6 32. a3 Qxh5 33. Re1 g4 34. Bc7 Nd4 35. Re7 Qxd5 36. Be5 Qxe5 37. Rxe5 Bxe5 38. Kd2 g3 39. Ke3 Nxc2+ 40. Ke2 Kg6 41. Rd8 Nd4+ 42. Ke3 Nf5+ 43. Kf3 Nh4+ 44. Ke4 Bxb2 0-1

[Event "Smuk Skak GM Tournament 2024"]
[Site "Skanderborg"]
[Date "2024.08.22"]
[Round "6.2"]
[White "Pajeken, Jakob Leon"]
[Black "Licznerski, Lukasz"]
[Result "1-0"]
[ECO "A07"]
[WhiteElo "2416"]
[BlackElo "2427"]
[Annotator "RC"]
[PlyCount "147"]
[EventDate "2024.08.11"]
[EventType "tourn"]
[EventCountry "DEN"]
[SourceTitle "playchess.com"]
[Source "ChessBase"]
[SourceQuality "1"]
[TimeControl "40/5400+30:1800+30"]

1. Nf3 Nf6 2. g3 d5 3. Bg2 c6 4. O-O Bg4 5. h3 Bh5 6. c4 e6 7. Qb3 Qb6 8. d3 Nbd7 9. cxd5 Qxb3 10. axb3 Bxf3 11. Bxf3 exd5 12. Be3 Bc5 13. Bxc5 Nxc5 14. Nd2 Na6 15. Ra4 Nd7 16. Rfa1 O-O-O 17. d4 Kb8 18. e3 Nc7 19. Be2 a6 20. b4 g5 21. Bd3 Rde8 22. Kg2 h5 23. Nf3 g4 24. Ng1 gxh3+ 25. Nxh3 Reg8 26. Kf3 Nf6 27. Rg1 Ne6 28. Raa1 Kc7 29. Bf5 Ng7 30. Bd3 Ne6 31. Bf5 Kd6 32. Rh1 Rh6 33. Ke2 Ng7 34. Bd3 Ne6 35. Bf5 Re8 36. Bxe6 fxe6 37. Ng5 Re7 38. Rh4 Rg7 39. f4 Rhg6 40. Kf3 Rxg5 41. fxg5 Rxg5 42. Rf4 Rg6 43. Rh1 Kc7 44. Rfh4 Rg5 45. Rf4 Ne4 46. Rf7+ Kb6 47. Rh3 Nd6 48. Rf6 Kb5 49. Kf4 Rg4+ 50. Ke5 Ne4 51. Rf7 b6 52. Rb7 Nxg3 53. Kxe6 Re4+ 54. Kd7 Rxe3 55. Rc7 Rf3 56. Rxc6 Rf7+ 57. Ke6 Kxc6 58. Kxf7 Ne2 59. Kf6 Nxd4 60. Ke5 Nb5 61. Rxh5 Nc7 62. Rh6+ Kb5 63. Rh7 Kc6 64. Rh1 Kb5 65. Rc1 Ne8 66. Rc8 Ng7 67. Rg8 Nh5 68. Rg5 Kxb4 69. Rxh5 Kb3 70. Rh2 b5 71. Kxd5 a5 72. Kc5 b4 73. Kb5 a4 74. Rh3+ 1-0